[ PARTIDA AOE2 · #472965174 ]
Team RMGodos vs Aztecs
[ ANÁLISIS DE REPETICIÓN · EXTRAÍDO DE LA PARTIDA GRABADA ]
Feudal
11:28
Castillos
25:51
Imperial
41:41
| APM promedio | 17.3 |
| APM pico | 72 |
| eAPM promedio | 12.5 |
| Aldeanos / militares | 107 / 359 |
Foco
⚔️ 31.2% · 🌾 68.8%
Spearman ×227 · Militia ×93 · Mangonel ×26 · Scorpion ×7 · Trebuchet (Packed) ×6
Feudal
14:51
Castillos
29:33
Imperial
37:37
| APM promedio | 12.2 |
| APM pico | 61 |
| eAPM promedio | 9.6 |
| Aldeanos / militares | 81 / 238 |
Foco
⚔️ 49.7% · 🌾 50.3%
Eagle Scout ×170 · Jaguar Warrior ×61 · Trade Cart ×24 · Fishing Ship ×14 · Trebuchet (Packed) ×4 · Monk ×2
Feudal
—
Castillos
—
Imperial
—
| APM promedio | 24.0 |
| APM pico | 72 |
| eAPM promedio | 16.9 |
| Aldeanos / militares | 108 / 399 |
Foco
⚔️ 51.2% · 🌾 48.8%
Ballista Elephant ×189 · Scout Cavalry ×88 · Hand Cannoneer ×64 · Battle Elephant ×36 · Fishing Ship ×23 · Trade Cart ×19
Feudal
12:53
Castillos
24:24
Imperial
40:15
| APM promedio | 14.0 |
| APM pico | 41 |
| eAPM promedio | 8.1 |
| Aldeanos / militares | 110 / 574 |
Foco
⚔️ 49.1% · 🌾 50.9%
Spearman ×289 · Scout Cavalry ×112 · Teutonic Knight ×84 · Militia ×57 · Knight ×14 · Archer ×5
Mapa de la partida
Recursos al inicio + cada clic de construcción. Línea gruesa = muro · recuadro discontinuo = muro de casas detectado. 🟡 oro · ⚪ piedra · 🟢 bayas · 🔶 jabalí · ⭕ reliquia
Inputs por minuto
— ADRIELONIX - - Don Quintin
Build order — ADRIELONIX
Primeras 150 de 420 acciones detectadas
| 0:03 | Construir | House |
| 0:06 | Construir | House |
| 0:07 | Crear | Villager (Male) |
| 0:07 | Crear | Villager (Male) |
| 0:07 | Crear | Villager (Male) |
| 0:08 | Crear | Villager (Male) |
| 1:32 | Crear | Villager (Male) |
| 1:32 | Crear | Villager (Male) |
| 2:06 | Crear | Villager (Male) |
| 2:06 | Crear | Villager (Male) |
| 2:29 | Crear | Villager (Male) |
| 2:29 | Crear | Villager (Male) |
| 2:49 | Construir | Lumber Camp |
| 3:01 | Crear | Villager (Male) |
| 3:23 | Crear | Villager (Male) |
| 3:57 | Construir | Mill |
| 5:00 | Crear | Villager (Male) |
| 5:01 | Crear | Villager (Male) |
| 5:01 | Crear | Villager (Male) |
| 5:01 | Crear | Villager (Male) |
| 5:30 | Construir | House |
| 6:18 | Crear | Villager (Male) |
| 6:19 | Crear | Villager (Male) |
| 6:19 | Crear | Villager (Male) |
| 6:53 | Construir | Mill |
| 8:08 | Crear | Villager (Male) |
| 8:09 | Crear | Villager (Male) |
| 8:24 | Construir | House |
| 9:07 | Investigar | Feudal Age |
| 9:10 | Investigar | Loom |
| 9:11 | Crear | Villager (Male) |
| 9:11 | Crear | Villager (Male) |
| 10:03 | Construir | Lumber Camp |
| 10:55 | Crear | Villager (Male) |
| 10:56 | Crear | Villager (Male) |
| 10:56 | Crear | Villager (Male) |
| 10:56 | Crear | Villager (Male) |
| 10:56 | Crear | Villager (Male) |
| 11:17 | Construir | Palisade Wall |
| 11:24 | Construir | House |
| 11:26 | Construir | House |
| 11:27 | Construir | House |
| 11:28 | Edad | Edad Feudal |
| 11:29 | Construir | House |
| 11:31 | Construir | House |
| 11:36 | Construir | Barracks |
| 11:52 | Investigar | Double-Bit Axe |
| 11:56 | Investigar | Horse Collar |
| 12:13 | Construir | Mining Camp |
| 13:51 | Construir | Palisade Wall |
| 14:00 | Construir | House |
| 14:02 | Construir | House |
| 14:05 | Construir | House |
| 14:14 | Construir | House |
| 14:24 | Construir | Farm |
| 14:24 | Construir | Farm |
| 14:24 | Construir | Farm |
| 14:25 | Construir | Farm |
| 14:25 | Construir | Farm |
| 14:30 | Construir | Farm |
| 14:30 | Construir | Farm |
| 15:14 | Investigar | Man-at-Arms (upgrade) |
| 15:34 | Investigar | Wheelbarrow |
| 15:34 | Crear | Villager (Male) |
| 15:35 | Crear | Villager (Male) |
| 15:35 | Crear | Villager (Male) |
| 15:35 | Crear | Villager (Male) |
| 16:30 | Construir | House |
| 16:38 | Construir | Barracks |
| 16:39 | Construir | Barracks |
| 16:53 | Construir | Market |
| 17:41 | Crear | Militia |
| 17:42 | Crear | Militia |
| 17:42 | Crear | Militia |
| 17:42 | Crear | Militia |
| 17:42 | Crear | Militia |
| 17:48 | Crear | Spearman |
| 17:48 | Crear | Spearman |
| 18:02 | Investigar | Gold Mining |
| 18:21 | Crear | Villager (Male) |
| 18:21 | Crear | Villager (Male) |
| 18:21 | Crear | Villager (Male) |
| 18:21 | Crear | Villager (Male) |
| 19:32 | Construir | Blacksmith |
| 21:17 | Crear | Villager (Male) |
| 21:17 | Crear | Villager (Male) |
| 21:18 | Crear | Villager (Male) |
| 21:18 | Crear | Villager (Male) |
| 22:03 | Construir | Mill |
| 22:40 | Construir | Farm |
| 22:40 | Construir | Farm |
| 22:41 | Construir | Farm |
| 22:43 | Construir | Farm |
| 22:44 | Construir | Farm |
| 22:45 | Construir | Farm |
| 22:46 | Construir | Farm |
| 22:46 | Construir | Farm |
| 23:11 | Investigar | Castle Age |
| 23:12 | Investigar | Town Watch |
| 23:16 | Crear | Villager (Male) |
| 23:17 | Crear | Villager (Male) |
| 23:17 | Crear | Villager (Male) |
| 23:17 | Crear | Villager (Male) |
| 23:35 | Investigar | Forging |
| 24:10 | Construir | House |
| 24:11 | Construir | House |
| 24:13 | Construir | House |
| 24:14 | Construir | House |
| 24:18 | Construir | House |
| 25:23 | Investigar | Scale Mail Armor |
| 25:51 | Edad | Edad de los Castillos |
| 26:04 | Investigar | Bow Saw |
| 26:08 | Investigar | Heavy Plow |
| 26:20 | Investigar | Stone Mining |
| 26:34 | Investigar | Hand Cart |
| 26:37 | Construir | Mining Camp |
| 27:09 | Construir | Town Center |
| 27:15 | Investigar | Long Swordsman (upgrade) |
| 27:23 | Investigar | Pikeman (upgrade) |
| 27:25 | Investigar | Squires |
| 27:51 | Construir | Town Center |
| 28:05 | Crear | Villager (Male) |
| 28:05 | Crear | Villager (Male) |
| 28:05 | Crear | Villager (Male) |
| 28:07 | Crear | Villager (Male) |
| 28:23 | Crear | Militia |
| 28:23 | Crear | Militia |
| 28:23 | Crear | Militia |
| 28:28 | Crear | Militia |
| 28:28 | Crear | Militia |
| 28:47 | Construir | Siege Workshop |
| 28:49 | Construir | Siege Workshop |
| 29:27 | Construir | Lumber Camp |
| 30:05 | Investigar | Iron Casting |
| 30:05 | Investigar | Chain Mail Armor |
| 30:26 | Crear | Scorpion |
| 30:26 | Crear | Scorpion |
| 30:27 | Crear | Scorpion |
| 30:27 | Crear | Scorpion |
| 30:30 | Crear | Mangonel |
| 30:39 | Crear | Mangonel |
| 30:40 | Crear | Scorpion |
| 30:41 | Crear | Scorpion |
| 30:41 | Crear | Scorpion |
| 30:56 | Investigar | Town Watch |
| 30:57 | Crear | Villager (Male) |
| 30:57 | Crear | Villager (Male) |
| 30:58 | Crear | Villager (Male) |
| 30:58 | Crear | Villager (Male) |
| 30:58 | Crear | Villager (Male) |
Build order — Don Quintin
Primeras 150 de 546 acciones detectadas
| 0:21 | Construir | House |
| 0:23 | Crear | Villager (Male) |
| 0:23 | Crear | Villager (Male) |
| 0:23 | Crear | Villager (Male) |
| 0:24 | Crear | Villager (Male) |
| 0:24 | Crear | Villager (Male) |
| 0:25 | Investigar | Loom |
| 1:21 | Construir | Palisade Wall |
| 2:07 | Construir | Building 804 |
| 4:01 | Crear | Villager (Male) |
| 4:35 | Crear | Villager (Male) |
| 4:35 | Crear | Villager (Male) |
| 4:36 | Crear | Villager (Male) |
| 4:46 | Construir | House |
| 4:48 | Construir | House |
| 5:02 | Crear | Villager (Male) |
| 5:03 | Crear | Villager (Male) |
| 5:34 | Construir | House |
| 5:57 | Construir | House |
| 6:15 | Crear | Villager (Male) |
| 6:16 | Crear | Villager (Male) |
| 6:16 | Crear | Villager (Male) |
| 6:17 | Crear | Villager (Male) |
| 7:13 | Crear | Villager (Male) |
| 7:13 | Crear | Villager (Male) |
| 7:13 | Crear | Villager (Male) |
| 8:10 | Construir | Mill |
| 9:16 | Crear | Villager (Male) |
| 9:20 | Crear | Villager (Male) |
| 10:00 | Construir | Lumber Camp |
| 11:17 | Crear | Villager (Male) |
| 11:20 | Crear | Villager (Male) |
| 11:58 | Construir | Dock |
| 12:41 | Investigar | Feudal Age |
| 13:17 | Construir | Mill |
| 13:30 | Crear | Fishing Ship |
| 13:30 | Crear | Fishing Ship |
| 13:31 | Crear | Fishing Ship |
| 14:29 | Crear | Fishing Ship |
| 14:30 | Crear | Fishing Ship |
| 14:51 | Edad | Edad Feudal |
| 14:54 | Investigar | Tech 906 |
| 15:56 | Construir | Stone Wall |
| 16:17 | Construir | Building 665 |
| 16:42 | Crear | Fishing Ship |
| 16:42 | Crear | Fishing Ship |
| 16:42 | Crear | Fishing Ship |
| 16:51 | Crear | Villager (Male) |
| 16:51 | Crear | Villager (Male) |
| 16:51 | Crear | Villager (Male) |
| 16:52 | Crear | Villager (Male) |
| 17:02 | Construir | House |
| 17:04 | Construir | House |
| 17:06 | Construir | House |
| 17:20 | Construir | Mining Camp |
| 18:02 | Construir | House |
| 18:04 | Construir | House |
| 18:05 | Construir | House |
| 18:06 | Construir | House |
| 18:07 | Construir | House |
| 18:09 | Construir | House |
| 18:10 | Construir | House |
| 18:11 | Construir | House |
| 18:38 | Crear | Villager (Male) |
| 18:39 | Crear | Villager (Male) |
| 18:39 | Crear | Villager (Male) |
| 18:39 | Crear | Villager (Male) |
| 18:40 | Crear | Villager (Male) |
| 18:40 | Crear | Villager (Male) |
| 18:40 | Crear | Villager (Male) |
| 18:40 | Crear | Villager (Male) |
| 18:41 | Crear | Villager (Male) |
| 18:41 | Crear | Villager (Male) |
| 19:24 | Construir | Fish Trap |
| 19:36 | Investigar | Double-Bit Axe |
| 19:37 | Investigar | Double-Bit Axe |
| 20:08 | Construir | Fish Trap |
| 20:15 | Construir | Fish Trap |
| 20:31 | Construir | House |
| 20:32 | Construir | House |
| 20:36 | Crear | Villager (Male) |
| 20:59 | Investigar | Stone Mining |
| 21:03 | Investigar | Horse Collar |
| 21:19 | Construir | Mining Camp |
| 21:28 | Investigar | Gold Mining |
| 21:46 | Construir | Fish Trap |
| 22:01 | Construir | Fish Trap |
| 22:06 | Construir | Fish Trap |
| 22:19 | Construir | Fish Trap |
| 22:25 | Crear | Fishing Ship |
| 22:34 | Crear | Villager (Male) |
| 22:35 | Crear | Villager (Male) |
| 22:56 | Construir | Market |
| 23:04 | Crear | Villager (Male) |
| 23:04 | Crear | Villager (Male) |
| 23:05 | Crear | Villager (Male) |
| 23:05 | Crear | Villager (Male) |
| 23:14 | Construir | Fish Trap |
| 23:21 | Construir | Farm |
| 23:23 | Construir | Farm |
| 23:45 | Construir | Farm |
| 24:04 | Construir | Blacksmith |
| 24:21 | Construir | Farm |
| 24:34 | Construir | Farm |
| 25:03 | Construir | Market |
| 25:07 | Construir | Market |
| 25:32 | Crear | Fishing Ship |
| 25:33 | Crear | Fishing Ship |
| 25:36 | Crear | Villager (Male) |
| 26:11 | Construir | Lumber Camp |
| 26:30 | Construir | Lumber Camp |
| 26:53 | Investigar | Castle Age |
| 27:00 | Construir | Farm |
| 27:28 | Construir | Lumber Camp |
| 28:18 | Construir | Stone Wall |
| 28:25 | Construir | Building 490 |
| 28:50 | Construir | Fish Trap |
| 28:54 | Construir | Fish Trap |
| 29:33 | Edad | Edad de los Castillos |
| 29:39 | Construir | University |
| 29:55 | Construir | Monastery |
| 30:06 | Investigar | Gold Shaft Mining |
| 30:09 | Investigar | Stone Shaft Mining |
| 30:15 | Construir | Monastery |
| 30:28 | Investigar | Bow Saw |
| 30:33 | Investigar | Gillnets |
| 30:37 | Investigar | Heavy Plow |
| 30:54 | Construir | Market |
| 31:04 | Investigar | Fortified Wall (upgrade) |
| 31:05 | Investigar | Treadmill Crane |
| 31:10 | Crear | Monk |
| 31:10 | Crear | Monk |
| 31:17 | Crear | Villager (Male) |
| 31:18 | Crear | Villager (Male) |
| 31:18 | Crear | Villager (Male) |
| 31:19 | Crear | Villager (Male) |
| 31:19 | Crear | Villager (Male) |
| 31:20 | Crear | Villager (Male) |
| 31:54 | Construir | Mining Camp |
| 32:14 | Construir | Town Center |
| 32:30 | Crear | Fishing Ship |
| 32:30 | Crear | Fishing Ship |
| 32:30 | Crear | Fishing Ship |
| 33:18 | Construir | Fish Trap |
| 33:25 | Construir | Town Center |
| 34:27 | Investigar | Imperial Age |
| 34:34 | Construir | Mining Camp |
| 34:40 | Investigar | Town Watch |
| 34:41 | Investigar | Wheelbarrow |
| 35:03 | Construir | Fish Trap |
Build order — judisama
Primeras 150 de 721 acciones detectadas
| 0:05 | Construir | House |
| 0:07 | Construir | House |
| 0:08 | Crear | Villager (Male) |
| 0:09 | Crear | Villager (Male) |
| 0:09 | Crear | Villager (Male) |
| 0:09 | Crear | Villager (Male) |
| 0:10 | Crear | Villager (Male) |
| 0:44 | Investigar | Loom |
| 0:45 | Crear | Villager (Male) |
| 0:45 | Crear | Villager (Male) |
| 0:46 | Crear | Villager (Male) |
| 1:35 | Construir | Palisade Wall |
| 1:45 | Crear | Villager (Male) |
| 1:45 | Crear | Villager (Male) |
| 2:28 | Crear | Villager (Male) |
| 3:08 | Crear | Villager (Male) |
| 3:08 | Crear | Villager (Male) |
| 3:43 | Crear | Villager (Male) |
| 3:44 | Crear | Villager (Male) |
| 3:44 | Crear | Villager (Male) |
| 3:54 | Construir | House |
| 4:31 | Crear | Villager (Male) |
| 5:10 | Crear | Villager (Male) |
| 5:10 | Crear | Villager (Male) |
| 5:10 | Crear | Villager (Male) |
| 5:18 | Construir | Dock |
| 5:39 | Construir | House |
| 5:43 | Construir | House |
| 6:45 | Crear | Villager (Male) |
| 6:46 | Crear | Villager (Male) |
| 6:46 | Crear | Villager (Male) |
| 6:49 | Crear | Villager (Male) |
| 7:24 | Crear | Villager (Male) |
| 7:25 | Crear | Villager (Male) |
| 7:33 | Construir | Mill |
| 7:54 | Construir | Lumber Camp |
| 8:21 | Crear | Fishing Ship |
| 9:09 | Crear | Villager (Male) |
| 9:09 | Crear | Villager (Male) |
| 9:10 | Crear | Villager (Male) |
| 10:08 | Construir | Mining Camp |
| 10:59 | Investigar | Feudal Age |
| 11:16 | Construir | Lumber Camp |
| 11:26 | Crear | Fishing Ship |
| 11:27 | Crear | Fishing Ship |
| 11:27 | Crear | Fishing Ship |
| 13:12 | Investigar | Wheelbarrow |
| 13:13 | Investigar | Town Watch |
| 13:15 | Crear | Villager (Male) |
| 13:15 | Crear | Villager (Male) |
| 13:15 | Crear | Villager (Male) |
| 13:15 | Crear | Villager (Male) |
| 13:23 | Investigar | Tech 906 |
| 13:24 | Crear | Fishing Ship |
| 13:25 | Crear | Fishing Ship |
| 13:25 | Crear | Fishing Ship |
| 13:25 | Crear | Fishing Ship |
| 13:26 | Crear | Fishing Ship |
| 13:49 | Construir | House |
| 13:52 | Construir | House |
| 13:56 | Construir | House |
| 14:22 | Construir | Blacksmith |
| 14:52 | Investigar | Gold Mining |
| 15:39 | Construir | House |
| 15:42 | Construir | House |
| 15:45 | Construir | House |
| 15:47 | Construir | House |
| 16:13 | Construir | Market |
| 16:40 | Construir | Mining Camp |
| 17:15 | Investigar | Castle Age |
| 17:29 | Construir | Fish Trap |
| 17:38 | Construir | Fish Trap |
| 17:45 | Construir | Fish Trap |
| 18:25 | Construir | Fish Trap |
| 18:30 | Construir | Fish Trap |
| 19:11 | Construir | Farm |
| 19:12 | Construir | Farm |
| 19:13 | Construir | Farm |
| 19:14 | Construir | Farm |
| 19:15 | Construir | Farm |
| 19:44 | Construir | Fish Trap |
| 19:59 | Construir | Fish Trap |
| 20:23 | Construir | Farm |
| 20:35 | Construir | Farm |
| 21:25 | Construir | Town Center |
| 22:02 | Crear | Villager (Male) |
| 22:02 | Crear | Villager (Male) |
| 22:02 | Crear | Villager (Male) |
| 22:03 | Crear | Villager (Male) |
| 22:05 | Crear | Villager (Male) |
| 22:05 | Crear | Villager (Male) |
| 22:06 | Crear | Villager (Male) |
| 22:31 | Construir | Castle |
| 22:41 | Crear | Villager (Male) |
| 22:41 | Crear | Villager (Male) |
| 22:42 | Crear | Villager (Male) |
| 22:42 | Crear | Villager (Male) |
| 22:42 | Crear | Villager (Male) |
| 22:42 | Crear | Villager (Male) |
| 22:43 | Crear | Villager (Male) |
| 22:43 | Crear | Villager (Male) |
| 22:43 | Crear | Villager (Male) |
| 22:44 | Crear | Villager (Male) |
| 22:44 | Crear | Villager (Male) |
| 22:51 | Crear | Villager (Male) |
| 22:51 | Crear | Villager (Male) |
| 22:51 | Crear | Villager (Male) |
| 23:07 | Construir | Dock |
| 23:29 | Investigar | Padded Archer Armor |
| 23:48 | Investigar | Double-Bit Axe |
| 23:57 | Investigar | Horse Collar |
| 24:03 | Construir | Farm |
| 24:13 | Crear | Villager (Male) |
| 24:23 | Construir | Town Center |
| 24:28 | Construir | Farm |
| 24:39 | Crear | Demolition Raft |
| 24:47 | Crear | Fishing Ship |
| 24:48 | Crear | Fishing Ship |
| 24:52 | Investigar | Gillnets |
| 25:02 | Construir | Farm |
| 25:22 | Construir | Farm |
| 25:29 | Construir | Farm |
| 25:43 | Construir | Farm |
| 25:43 | Construir | Farm |
| 25:44 | Construir | Farm |
| 25:45 | Construir | Farm |
| 25:45 | Construir | Farm |
| 25:47 | Construir | Farm |
| 25:51 | Construir | Farm |
| 25:57 | Crear | Ballista Elephant |
| 25:57 | Crear | Ballista Elephant |
| 25:57 | Crear | Ballista Elephant |
| 25:58 | Crear | Ballista Elephant |
| 26:11 | Construir | Farm |
| 26:15 | Crear | Villager (Male) |
| 26:15 | Crear | Villager (Male) |
| 26:15 | Crear | Villager (Male) |
| 26:33 | Crear | Villager (Male) |
| 26:34 | Crear | Villager (Male) |
| 26:34 | Crear | Villager (Male) |
| 26:39 | Crear | Villager (Male) |
| 26:40 | Crear | Villager (Male) |
| 26:48 | Construir | Farm |
| 26:53 | Crear | Demolition Raft |
| 26:59 | Crear | Fishing Ship |
| 26:59 | Crear | Fishing Ship |
| 26:59 | Crear | Fishing Ship |
| 26:59 | Crear | Fishing Ship |
| 27:07 | Construir | Farm |
| 27:07 | Construir | Farm |
Build order — Saikool
Primeras 150 de 373 acciones detectadas
| 0:03 | Construir | House |
| 0:05 | Construir | House |
| 0:07 | Construir | House |
| 0:11 | Crear | Villager (Male) ×4 |
| 1:52 | Crear | Villager (Male) |
| 1:52 | Crear | Villager (Male) |
| 2:46 | Crear | Villager (Male) ×2 |
| 3:06 | Crear | Villager (Male) |
| 3:06 | Crear | Villager (Male) |
| 3:24 | Crear | Villager (Male) |
| 3:47 | Crear | Villager (Male) |
| 3:47 | Crear | Villager (Male) |
| 4:42 | Construir | Mill |
| 4:47 | Crear | Villager (Male) ×2 |
| 5:40 | Crear | Villager (Male) ×2 |
| 5:40 | Crear | Villager (Male) ×2 |
| 6:14 | Construir | House |
| 6:43 | Crear | Villager (Male) |
| 7:01 | Construir | Lumber Camp |
| 8:03 | Crear | Villager (Male) ×5 |
| 8:06 | Crear | Villager (Male) |
| 8:43 | Construir | Farm |
| 8:45 | Construir | Farm |
| 8:48 | Construir | Farm |
| 9:04 | Construir | Mining Camp |
| 9:16 | Construir | Farm |
| 9:20 | Construir | Farm |
| 10:11 | Construir | Farm |
| 10:36 | Construir | Farm |
| 10:43 | Investigar | Feudal Age |
| 11:08 | Crear | Villager (Male) ×2 |
| 11:21 | Construir | House |
| 11:40 | Construir | House |
| 11:52 | Crear | Villager (Male) ×4 |
| 12:13 | Construir | Barracks |
| 12:53 | Edad | Edad Feudal |
| 13:12 | Investigar | Double-Bit Axe |
| 13:30 | Construir | Farm |
| 13:35 | Construir | Stable |
| 13:49 | Investigar | Man-at-Arms (upgrade) |
| 13:50 | Crear | Militia |
| 13:51 | Crear | Militia |
| 13:51 | Crear | Militia |
| 14:22 | Construir | Market |
| 14:49 | Construir | Palisade Wall |
| 14:56 | Crear | Villager (Male) ×5 |
| 14:59 | Investigar | Wheelbarrow |
| 15:36 | Construir | Blacksmith |
| 15:40 | Construir | House |
| 15:43 | Construir | House |
| 16:26 | Investigar | Horse Collar |
| 16:30 | Construir | Farm |
| 16:33 | Construir | Farm |
| 16:34 | Construir | Farm |
| 16:36 | Construir | Farm |
| 16:38 | Construir | Farm |
| 16:44 | Construir | Farm |
| 17:36 | Construir | Palisade Wall |
| 17:46 | Construir | Palisade Wall |
| 17:51 | Construir | House |
| 17:52 | Construir | House |
| 18:02 | Crear | Villager (Male) ×5 |
| 18:08 | Crear | Militia |
| 18:09 | Crear | Militia |
| 18:09 | Crear | Militia |
| 18:18 | Investigar | Town Watch |
| 18:32 | Construir | Archery Range |
| 19:08 | Investigar | Forging |
| 19:09 | Investigar | Scale Barding Armor |
| 19:09 | Investigar | Scale Mail Armor |
| 20:17 | Crear | Trade Cart |
| 20:17 | Crear | Trade Cart |
| 20:18 | Crear | Trade Cart |
| 20:41 | Crear | Villager (Male) ×5 |
| 21:44 | Investigar | Castle Age |
| 22:22 | Investigar | Stone Mining |
| 22:27 | Construir | Mining Camp |
| 22:43 | Crear | Archer ×5 |
| 22:51 | Construir | Farm |
| 22:53 | Construir | Farm |
| 22:55 | Construir | Farm |
| 22:57 | Construir | Farm |
| 23:00 | Construir | Farm |
| 23:10 | Construir | House |
| 23:11 | Construir | House |
| 23:15 | Construir | House |
| 23:17 | Construir | House |
| 23:58 | Crear | Spearman |
| 23:58 | Crear | Spearman |
| 23:59 | Crear | Spearman |
| 24:09 | Crear | Villager (Male) ×5 |
| 24:24 | Edad | Edad de los Castillos |
| 24:29 | Construir | Town Center |
| 24:44 | Investigar | Iron Casting |
| 24:44 | Investigar | Chain Mail Armor |
| 24:50 | Crear | Militia |
| 25:02 | Investigar | Stone Shaft Mining |
| 25:03 | Investigar | Gold Mining |
| 25:08 | Investigar | Heavy Plow |
| 25:11 | Crear | Scout Cavalry ×5 |
| 25:47 | Construir | Mining Camp |
| 26:03 | Investigar | Fletching |
| 26:30 | Crear | Villager (Male) |
| 26:30 | Crear | Villager (Male) |
| 26:36 | Investigar | Crossbowman (upgrade) |
| 26:38 | Investigar | Long Swordsman (upgrade) |
| 27:06 | Investigar | Gambesons |
| 27:07 | Investigar | Squires |
| 27:20 | Crear | Villager (Male) ×4 |
| 28:27 | Construir | Siege Workshop |
| 28:41 | Construir | House |
| 28:43 | Construir | House |
| 28:44 | Construir | House |
| 28:45 | Construir | House |
| 28:46 | Construir | House |
| 28:48 | Construir | House |
| 29:14 | Construir | Castle |
| 29:24 | Construir | Mining Camp |
| 29:54 | Investigar | Bodkin Arrow |
| 29:56 | Investigar | Chain Barding Armor |
| 29:59 | Investigar | Chain Mail Armor |
| 30:00 | Investigar | Padded Archer Armor |
| 30:15 | Construir | University |
| 30:34 | Crear | Villager (Male) ×5 |
| 30:36 | Crear | Villager (Male) ×5 |
| 31:05 | Crear | Scorpion |
| 31:06 | Crear | Scorpion |
| 31:07 | Crear | Scorpion |
| 31:08 | Crear | Scorpion |
| 31:08 | Crear | Scorpion |
| 31:14 | Construir | Farm |
| 31:23 | Investigar | Bow Saw |
| 31:29 | Construir | Farm |
| 32:07 | Construir | Barracks |
| 32:10 | Construir | Barracks |
| 32:13 | Investigar | Ballistics |
| 32:14 | Investigar | Fortified Wall (upgrade) |
| 32:23 | Construir | Farm |
| 32:25 | Construir | Farm |
| 32:32 | Construir | House |
| 32:33 | Construir | House |
| 32:51 | Construir | Building 796 |
| 32:57 | Construir | House |
| 32:58 | Construir | House |
| 33:29 | Construir | Stable |
| 33:33 | Investigar | Bloodlines |
| 33:39 | Crear | Teutonic Knight |
| 33:39 | Crear | Teutonic Knight |
| 33:40 | Crear | Teutonic Knight |
| 33:40 | Crear | Teutonic Knight |
Cronología de la partida
| 1:21 | Don Quintin · wall_segment Palisade Wall x12 |
| 1:35 | judisama · wall_segment Palisade Wall x8 |
| 5:18 | judisama · first_building Dock |
| 11:17 | ADRIELONIX · wall_segment Palisade Wall x10 |
| 11:28 | ADRIELONIX · age_up feudal |
| 11:36 | ADRIELONIX · first_building Barracks |
| 11:58 | Don Quintin · first_building Dock |
| 12:13 | Saikool · first_building Barracks |
| 12:53 | Saikool · age_up feudal |
| 13:35 | Saikool · first_building Stable |
| 13:51 | ADRIELONIX · wall_segment Palisade Wall x8 |
| 14:49 | Saikool · wall_segment Palisade Wall x13 |
| 14:51 | Don Quintin · age_up feudal |
| 15:56 | Don Quintin · wall_segment Stone Wall x8 |
| 17:36 | Saikool · wall_segment Palisade Wall x1 |
| 17:46 | Saikool · wall_segment Palisade Wall x3 |
| 18:32 | Saikool · first_building Archery Range |
| 22:31 | judisama · first_building Castle |
| 24:24 | Saikool · age_up castle |
| 25:51 | ADRIELONIX · age_up castle |
| 26:49 | Saikool · first_market_sell 100 wood |
| 28:18 | Don Quintin · wall_segment Stone Wall x15 |
| 28:27 | Saikool · first_building Siege Workshop |
| 28:47 | ADRIELONIX · first_building Siege Workshop |
| 29:14 | Saikool · first_building Castle |
| 29:33 | Don Quintin · age_up castle |
| 29:55 | Don Quintin · first_building Monastery |
| 30:09 | ADRIELONIX · first_market_buy 100 wood |
| 33:06 | judisama · first_market_sell 100 food |
| 33:30 | judisama · first_building Monastery |
| 34:10 | ADRIELONIX · first_building Castle |
| 34:28 | Saikool · wall_segment Palisade Wall x2 |
| 35:04 | ADRIELONIX · first_building Monastery |
| 36:35 | Don Quintin · first_building Barracks |
| 37:19 | ADRIELONIX · first_building Stable |
| 37:37 | Don Quintin · age_up imperial |
| 40:15 | Saikool · age_up imperial |
| 40:37 | Don Quintin · first_building Castle |
| 41:41 | ADRIELONIX · age_up imperial |
| 45:41 | Don Quintin · first_building Siege Workshop |
| 49:40 | judisama · first_market_buy 100 stone |
| 53:51 | judisama · first_building Stable |
| 58:27 | Saikool · first_building Monastery |
| 59:58 | ADRIELONIX · first_market_sell 100 wood |
| 62:20 | Saikool · tribute_sent a jugador 1 |
| 62:20 | Saikool · tribute_sent a jugador 2 |
| 62:20 | Saikool · tribute_sent a jugador 3 |
| 64:04 | judisama · first_building Siege Workshop |
| 67:28 | judisama · first_building Archery Range |
| 78:56 | ADRIELONIX · resign |
[ ANÁLISIS IA · 1 CRÉDITO ]
¿Qué pasó realmente en esta partida?
Wolo.gg analiza cada decisión: build order, eco, micro, errores típicos por bracket. Análisis personalizado por WhatsApp o Discord en 30 segundos.
Guía civ
Godos
Guía mapa
Black Forest
Perfil
ADRIELONIX